 Dungeon Crawl Stone Soup version 0.29.1-1-gd02db6906a (webtiles) character file.

Game seed: 6951932034738102539

28 KatarinaDamacy the Magician (level 3, -2/25 HPs)
             Began as a Djinni Fire Elementalist on Sept 27, 2022.
             Slain by a gnoll
             ... wielding a +0 whip
              (9 damage)
             ... on level 2 of the Dungeon.
             The game lasted 00:07:08 (902 turns).

KatarinaDamacy the Magician (DjFE)                   Turns: 902, Time: 00:07:09

Health: -2/25      AC:  3    Str:  7    XL:     3   Next: 30%
Gold:   75         EV: 12    Int: 18    God:
                   SH:  0    Dex: 13

rFire   + + .      SeeInvis .   d - +1 dagger (flame)
rCold   x . .      Faith    .   (no shield)
rNeg    . . .      Spirit   .   a - +0 robe
rPois   ∞          Reflect  .   (no helmet)
rElec   .          Harm     .   (no cloak)
rCorr   .          Rampage  .   c - +0 pair of gloves
Will    .....                   (boots unavailable)
Stlth   ++........              (no amulet)
HPRegen 0.08/turn               (no ring)
MPRegen 0.00/turn               (no ring)

@: flying, very slightly contaminated
A: sickness immunity, fire resistance 2, cold vulnerability 1, float, innate
caster, HP casting, extra vitality 1
a: no special abilities


You were on level 2 of the Dungeon.
You visited 1 branch of the dungeon, and saw 2 of its levels.

You collected 75 gold pieces.

Inventory:

Hand Weapons
 d - a +1 dagger of flaming (weapon)
Armour
 a - a +0 robe (worn)
 c - a +0 pair of gloves (worn)
Scrolls
 e - a scroll of teleportation {unknown}
 f - a scroll of silence {unknown}
 g - 2 scrolls of identify {unknown}
 i - a scroll of enchant weapon {unknown}
Potions
 b - a potion of attraction {unknown}
 h - a potion of magic {unknown}


   Skills:
 + Level 2.4 Dodging
 + Level 1.8 Stealth
 + Level 3.1 Spellcasting


You couldn't memorise any spells.
You knew the following spells:

 Your Spells              Type           Power      Damage    Failure   Level
a - Foxfire               Conj/Fire      56%        2x1d6     4%          1
b - Scorch                Fire           28%        2d6       7%          2
c - Conjure Flame         Conj/Fire      14%        6-21      14%         3
d - Inner Flame           Hex/Fire       14%        N/A       14%         3
e - Flame Wave            Conj/Fire      14%        2d6       41%         4
f - Apportation           Tloc           28%        N/A       4%          1
Your spell library was empty.

Dungeon Overview and Level Annotations

Branches:
Dungeon (2/15)

Altars:


Innate Abilities, Weirdness & Mutations

You are immune to sickness and miasma.
You are immune to poison.
Your flesh is very heat resistant. (rF++)
You are vulnerable to cold. (rC-)
You float through the air rather than walking.
You learn spells naturally, not from books.
Your magical power is your life essence.
You have superior vitality. (+4 MHP)


Message History

You aren't experienced enough to cast this spell.
Casting: Foxfire (safe; 6% risk of failure)
Confirm with . or Enter, or press ? or * to list all spells.
Flames lash the hobgoblin.
You kill the hobgoblin!
The kobold shouts!
The gnoll closely misses you.
Casting: Scorch (safe; 9% risk of failure)
Confirm with . or Enter, or press ? or * to list all spells.
Flames lash the gnoll.
The gnoll is moderately wounded.
The gnoll's fire resistance burns away.
The gnoll barely misses you.
Casting: Scorch (safe; 9% risk of failure)
Confirm with . or Enter, or press ? or * to list all spells.
Flames lash the gnoll.
The gnoll is burned terribly!
You kill the gnoll!
Your Spellcasting skill increases to level 3!
You have reached level 3!
Your experience leads to an increase in your attributes!
Increase (S)trength, (I)ntelligence, or (D)exterity?
You feel clever. x2
The power to cast Apportation wells up from within.
Spell assigned to 'f'.
The gnoll attacks as you move away! The gnoll misses you.
Casting: Scorch (safe; 7% risk of failure)
Confirm with . or Enter, or press ? or * to list all spells.
Flames lash the ball python.
You kill the ball python!
You hear a shout!
You hear an angry hiss.
A kobold comes into view. It is wielding a +0 dagger.
The gnoll hits you with a +0 whip!
Casting: Scorch (safe; 7% risk of failure)
Confirm with . or Enter, or press ? or * to list all spells.
You miscast Scorch.
You are very lightly contaminated with residual magic.
Nothing appears to happen.
* * * LOW HITPOINT WARNING * * *
A kobold comes into view. It is wielding a +0 whip.
The gnoll hits you but does no damage. The gnoll hits you with a +0 whip!
You die...

#.....# ..?...###
#....... # #.....#
.##.....# .......#
.########K<...###..
...|...@gg.........
#########).<.......
#...........
#.....K.....
#...........
.........#.#.
###S.....K)...
.......#.#.#
...........


You could see 2 gnolls and 3 kobolds.

Vanquished Creatures
  A gnoll (D:2)
  2 dart slugs (D:1)
  2 ball pythons
  A bat (D:1)
  An endoplasm (D:1)
  A hobgoblin (D:2)
  A jackal (D:1)
  2 frilled lizards (D:1)
  2 kobolds (D:1)
  2 rats (D:1)
15 creatures vanquished.

Vanquished Creatures (others)
  39 foxfires (D:1)
39 creatures vanquished.

Grand Total: 54 creatures vanquished

Notes
Turn   | Place    | Note
-------+----------+-------------------------------------------
     0 | D:1      | KatarinaDamacy the Djinni Fire Elementalist began the quest
                  | for the Orb.
     0 | D:1      | KatarinaDamacy set off with the following spells memorised:
                  | Foxfire, Scorch, Conjure Flame, Inner Flame, Flame Wave.
     0 | D:1      | Reached XP level 1. HP: 15/15 MP: 0/0
   351 | D:1      | Reached XP level 2. HP: 18/21 MP: 0/0
   900 | D:2      | Reached skill level 3 in Spellcasting
   900 | D:2      | Reached XP level 3. HP: 18/25 MP: 0/0
   900 | D:2      | Learned a level 1 spell: Apportation
   902 | D:2      | Slain by a gnoll

Illustrated notes

Levels and vault maps discovered:
D:1:      minmay_arrival_up_and_down, layout_rooms, minmay_tiny_reverse_x
D:2:      layout_rooms, shapermc_ecumenical_altar_notcrosses, hex_large,
          grunt_ministairs_9

Skill      XL: |  1  2 |
---------------+-------+-----
Spellcasting   | 3 |  3.1
Dodging        | |  2.4
Stealth        | |  1.8

Action                   || total
-------------------------++-------
Melee: Unarmed           ||     6
 Cast: Foxfire           ||    25
       Scorch            ||     4
  Use: Scroll            ||     1
Armor: Robe              ||     2
Dodge: Dodged            ||    13
